Map: Central Protocol

Players

ECǂSarenS

  • Race: Protoss Protoss
  • League: Master

Miszu - Winner!

  • Race: Terran Terran
  • League: Master

VOD

Have the link to the VOD?

Description

Time

  • Played on: March 12, 2016, 3:44 p.m.
  • Length: 12:29
Show
View Real Time Build Order
Export as new Build Order

ECǂSarenS Protoss 

Build Orders:  

Get SALT Encoding   

  12  0:01  Probe (Chrono Boost)  
  13  0:11  Probe (Chrono Boost)  
  14  0:17  Pylon  
  14  0:22  Probe (Chrono Boost)  
  16  0:35  Probe (Chrono Boost)  
  16  0:36  Gateway  
  16  0:42  Assimilator  
  16  0:46  Probe (Chrono Boost)  
  18  0:57  Probe (Chrono Boost)  
  18  1:02  Pylon  
  18  1:07  Probe (Chrono Boost)  
  19  1:18  Probe (Chrono Boost)  
  20  1:23  Assimilator  
  20  1:25  Cybernetics Core  
  20  1:28  Probe (Chrono Boost)  
  21  1:39  Probe (Chrono Boost)  
  22  1:49  Probe (Chrono Boost)  
  24  2:02  Adept (Chrono Boost)  
  24  2:04  Warp Gate, Mothership Core (Chrono Boost)  
  27  2:16  Nexus  
  27  2:24  Probe  
  28  2:32  Adept (Chrono Boost)  
  28  2:37  Probe  
  31  2:39  Pylon  
  31  2:49  Probe  
  30  3:01  Adept (Chrono Boost), Probe  
  33  3:07  Robotics Facility  
  33  3:13  Probe  
  34  3:25  Adept (Chrono Boost), Probe  
  36  3:28  Probe  
  37  3:37  Probe  
  37  3:39  Probe  
  39  3:49  Pylon, Probe  
  39  3:54  Warp Prism (Chrono Boost), Probe  
  42  4:02  Probe  
  44  4:05  Probe  
  45  4:12  Sentry  
  45  4:15  Probe  
  48  4:17  Pylon  
  48  4:18  Pylon  
  48  4:20  Probe  
  49  4:26  Observer (Chrono Boost)  
  49  4:28  Probe  
  49  4:31  Probe  
  51  4:37  Gateway  
  52  4:39  Gateway  
  52  4:40  Probe  
  52  4:41  Probe  
  52  4:45  Observer (Chrono Boost)  
  55  4:52  Probe  
  55  4:53  Probe  
  55  4:54  Stalker  
  53  5:02  Probe  
  53  5:05  Probe  
  55  5:07  Robotics Bay  
  55  5:10  Assimilator  
  53  5:14  Assimilator  
  53  5:16  Stalker  
  53  5:18  Immortal  
  53  5:20  Probe  
  59  5:21  Probe  
  61  5:31  Pylon  
  61  5:45  Stalker x3  
  67  6:04  Colossus (Chrono Boost)  
  65  6:06  Extended Thermal Lance  
  71  6:13  Stalker x3  
  75  6:30  Pylon  
  75  6:32  Twilight Council  
  75  6:38  Forge  
  75  6:49  Adept x3  
  87  6:54  Colossus (Chrono Boost)  
  87  6:59  Pylon  
  87  7:05  Pylon  
  87  7:08  Probe  
  87  7:09  Probe  
  87  7:13  Blink (Chrono Boost)  
  89  7:16  Stalker x2  
  89  7:18  Stalker  
  95  7:26  Protoss Ground Weapons Level 1 (Chrono Boost)  
  95  7:28  Pylon  
  95  7:34  Pylon  
  95  7:43  Colossus (Chrono Boost)  
  101  7:46  Photon Cannon  
  101  7:50  Stalker  
  103  7:51  Adept  
  103  7:52  Adept  
  103  7:54  Pylon  
  107  8:25  Stalker  
  107  8:26  Stalker  
  107  8:27  Stalker  
  113  8:31  Colossus (Chrono Boost)  
  119  8:44  Pylon  
  119  8:53  Stalker x3  
  125  8:56  Nexus  
  125  8:57  Pylon  
  125  8:58  Resonating Glaives  
  125  9:04  Gateway  
  125  9:20  Protoss Ground Weapons Level 2  
  125  9:23  Colossus (Chrono Boost)  
  131  9:25  Pylon  
  131  9:29  Pylon  
  131  9:31  Photon Cannon  
  131  9:38  Probe x2  
  133  9:40  Pylon  
  133  9:50  Probe x2  
  113  10:10  Colossus (Chrono Boost)  
  101  10:14  Stalker x2  
  101  10:15  Stalker x2  
  101  10:18  Probe  
  101  10:19  Probe x2  
  112  10:39  Stalker x4  
  120  10:43  Gateway  
  120  10:47  Gateway  
  120  10:56  Observer (Chrono Boost)  
  121  11:08  Stalker x4  
  129  11:15  Colossus (Chrono Boost)  
  135  11:24  Gateway, Assimilator  
  134  11:36  Stalker x4  
  142  11:53  Stalker x2  
  144  11:56  Probe  
  144  11:57  Probe  
  144  11:58  Probe  
  149  12:07  Probe  
  143  12:09  Probe  
  143  12:10  Probe  
  143  12:12  Stalker x2  
Show
View Real Time Build Order
Export as new Build Order

Miszu Terran - Winner!

Build Orders: Liberator Opening, Reaper Expand, MMM Bio 

Get SALT Encoding   

  12  0:00  SCV  
  13  0:13  SCV  
  14  0:18  Supply Depot  
  14  0:25  SCV  
  15  0:40  SCV  
  15  0:42  Barracks  
  16  0:43  Refinery  
  16  0:52  SCV  
  17  1:04  SCV  
  18  1:16  SCV  
  19  1:29  Orbital Command  
  19  1:30  Reaper  
  20  1:42  Command Center  
  20  1:47  Supply Depot  
  20  1:54  SCV  
  20  1:57  Refinery  
  21  2:06  SCV  
  21  2:07  Barracks Reactor  
  22  2:18  SCV  
  23  2:25  Factory  
  23  2:31  SCV  
  24  2:43  SCV  
  25  2:53  Bunker, Marine x2  
  25  2:55  SCV  
  26  2:58  Orbital Command  
  28  3:07  SCV  
  28  3:11  Marine x2  
  31  3:19  SCV  
  32  3:25  Factory Tech Lab  
  32  3:26  Starport, SCV  
  33  3:31  SCV  
  33  3:32  Supply Depot, Marine x2  
  35  3:38  SCV  
  36  3:43  Cyclone, SCV  
  40  3:50  Barracks, Liberator, SCV  
  40  3:51  Barracks  
  40  3:55  Marine x2  
  43  3:56  SCV  
  43  4:01  Supply Depot  
  44  4:03  SCV  
  48  4:12  Supply Depot  
  48  4:13  SCV  
  49  4:18  SCV  
  49  4:19  Marine  
  49  4:21  Marine, Factory Reactor  
  52  4:27  Refinery  
  52  4:29  Engineering Bay  
  52  4:32  SCV  
  52  4:34  SCV  
  52  4:38  Supply Depot  
  54  4:42  Barracks Tech Lab  
  51  5:06  Marine x2  
  53  5:07  Marine x2  
  53  5:13  Stimpack, Combat Shields  
  55  5:19  SCV  
  55  5:20  SCV  
  57  5:21  Supply Depot  
  57  5:24  Marine x2  
  57  5:25  Medivac x2  
  63  5:30  Barracks  
  63  5:31  Barracks  
  63  5:32  SCV  
  63  5:33  SCV  
  65  5:36  Refinery  
  65  5:43  Supply Depot, Marine x2  
  65  5:44  Marauder, SCV  
  65  5:45  Supply Depot  
  70  5:55  SCV  
  70  5:56  SCV  
  72  5:59  Marauder  
  72  6:01  Marine  
  72  6:04  Marine  
  72  6:05  Marauder  
  72  6:07  SCV  
  76  6:12  Supply Depot  
  76  6:13  Supply Depot, Medivac x2  
  76  6:14  SCV  
  81  6:18  Marine  
  81  6:23  Marine  
  81  6:24  Marauder  
  81  6:25  Barracks Reactor, Barracks Tech Lab  
  85  6:34  Marauder  
  85  6:36  Marine  
  88  6:41  Marine  
  88  6:44  Marine  
  88  6:45  Marauder  
  92  6:47  Command Center  
  92  6:51  Medivac  
  96  6:54  Marine, Terran Infantry Weapons Level 1  
  96  6:55  Marine  
  96  6:59  Marine  
  97  7:03  Marauder  
  97  7:05  Marine  
  97  7:06  Marine, Marauder  
  103  7:12  Marine, Concussive Shells  
  103  7:15  Marauder, Liberator  
  106  7:17  Liberator  
  106  7:19  Supply Depot  
  106  7:20  Supply Depot  
  106  7:25  Marine x2, Marauder  
  106  7:28  Marauder  
  118  7:42  Fusion Core  
  118  7:47  Starport  
  118  7:57  Liberator  
  118  8:01  Marauder x2  
  118  8:02  Marauder  
  124  8:06  Supply Depot  
  124  8:12  Orbital Command  
  124  8:14  SCV x2  
  128  8:23  Marauder  
  128  8:25  Starport Tech Lab  
  128  8:26  SCV x2  
  132  8:27  Liberator  
  132  8:33  Liberator  
  132  8:35  Supply Depot  
  132  8:38  SCV  
  132  8:39  Supply Depot, SCV x2  
  135  8:42  Bunker  
  135  8:44  Liberator  
  135  8:46  Advanced Ballistics  
  138  8:50  SCV  
  138  8:51  SCV x2  
  144  8:58  Supply Depot  
  144  9:02  Marine, SCV  
  148  9:03  SCV x2  
  148  9:04  Marine  
  148  9:06  Marauder  
  154  9:10  Liberator  
  154  9:12  Marauder  
  154  9:14  SCV  
  157  9:23  Barracks  
  157  9:24  Refinery, Barracks  
  157  9:25  Refinery, Barracks  
  157  9:26  Liberator  
  157  9:27  Liberator  
  160  9:32  Engineering Bay  
  160  9:33  Armory  
  166  9:49  Marauder  
  166  9:50  Marauder  
  166  9:52  Marauder  
  172  9:54  Liberator  
  163  10:03  Marine x2  
  163  10:04  Marine x2  
  137  10:09  Liberator  
  137  10:10  Marine, Liberator  
  137  10:11  Marauder  
  137  10:13  Marine  
  110  10:15  Marine  
  110  10:19  Marine x2  
  110  10:21  Marine x4  
  123  10:28  Marine  
  123  10:31  Marine  
  123  10:32  Marine  
  123  10:33  Marine  
  126  10:36  Marine  
  126  10:38  Marine  
  126  10:39  Marine x2  
  130  10:43  Marine x2  
  130  10:47  Marauder  
  130  10:49  Marauder  
  136  10:50  Marauder  
  136  10:52  Marine  
  136  10:54  Marine  
  136  10:55  Marine  
  136  10:56  Marine  
  142  10:57  Marine  
  142  11:01  Marine  
  142  11:02  Marine  
  144  11:04  Liberator x3  
  144  11:08  Marauder  
  144  11:10  Marauder  
  145  11:11  Marauder  
  147  11:22  Marine x6  
  147  11:23  Marine  
  163  11:29  Marauder  
  163  11:31  Marine  
  166  11:33  Command Center  
  166  11:49  Marine x3, Marauder  
  166  11:53  Marine x5, Marauder  
Tags
 
Add a new tag
Caveats
  • Supply blocks, unpowered buildings, or Contaminate may cause inaccurate times.
  • Supply counts are checked every 10 seconds.